| Goals | Penalties |
No Goal
|
|
1. Phantoms , Andreas Johnsson 23 (Phil Di Giuseppe 33) at 0:16
2. Reign , Georgii Merkulov 7 (Nick DeSimone 7, Jacob Peterson 18) at 0:24
3. Phantoms , Andreas Johnsson 24 (Riley Barber 34) at 19:19 (PP)
|
Wyatte Wylie (PHI) for High sticking (Minor) at 8:29 Nikolas Matinpalo (LOS) for Hooking (Minor) at 19:17
|
4. Reign , Nick DeSimone 2 (Carter Mazur 5, Jacob Peterson 19) at 19:26
|
|
No Goal
|
|
Reign, Georgii Merkulov - Shot Misses the Net
Phantoms, Phil Di Giuseppe - Stopped by Jet Greaves
Reign, Jacob Peterson - Shot Misses the Net
Phantoms, Cole Koepke - Stopped by Jet Greaves
Reign, Alex Turcotte - Stopped by Malcolm Subban
Phantoms, Andreas Johnsson - Stopped by Jet Greaves
Reign, Vinnie Hinostroza - Goal!
Phantoms, Riley Barber - Goal!
Reign, Jan Jenik - Goal!
Phantoms, Alex Chiasson - Goal!
Reign, Oliver Kylington - Goal!
Phantoms, Tuukka Tieksola - Goal!
Reign, Kevin Korchinski - Goal!
Phantoms, Danick Martel - Goal!
Reign, Cal Foote - Shot Misses the Net
Phantoms, Steven Santini - Stopped by Jet Greaves
Reign, Nick DeSimone - Goal!
Phantoms, Peter Abbandonato - Shot Misses the Net
|
|
|
Jet Greaves (LOS), 10 saves from 12 shots - (0,833), W, 16-30-10, 64:34 minutes
Malcolm Subban (PHI), 11 saves from 13 shots - (0,846), OTL, 28-15-12, 65:00 minutes
|
|
1 - Andreas Johnsson (PHI)
2 - Nick DeSimone (LOS)
3 - Jacob Peterson (LOS)
|
Referees : Kevin Pollock and Anna Wiegand
Linesman : Alexandra Clarke and Shandor Alphonso
|
|
| No Game Note
|
| Team Name |
Goals |
Shots |
Shots Attemp |
Shots Blocked |
PIM |
HIT |
PP |
PK |
FO% |
| Reign |
3 | 13 | 20 | 2 | 2 | 15 | 0 / 1 (0%) | 1 | 47% |
| Phantoms |
2 | 12 | 25 | 3 | 2 | 19 | 1 / 1 (100%) | 0 | 53% |
Reign
| Player Name |
POS |
G |
A |
P |
+/- |
PIM |
HIT |
SHT |
SB |
MP |
PP MP |
PP SHT |
PK MP |
PK SHT |
FO% |
FOT |
GA |
TA |
| Albert Johansson | D | 0 | 0 | 0 | 0 | 0 | 0 | 0 | 0 | 2:28 | 0:00 | 0 | 0:00 | 0 | 0% |
0 | 0 | 0 |
| Alex Turcotte | C | 0 | 0 | 0 | 0 | 0 | 3 | 1 | 0 | 22:10 | 0:46 | 0 | 0:00 | 0 | 43% |
7 | 0 | 0 |
| Cal Foote | D | 0 | 0 | 0 | 0 | 0 | 2 | 1 | 1 | 26:03 | 0:55 | 0 | 0:00 | 0 | 0% |
0 | 0 | 0 |
| Carter Mazur | LW | 0 | 1 | 1 | 1 | 0 | 2 | 1 | 0 | 21:24 | 0:46 | 0 | 0:00 | 0 | 50% |
2 | 0 | 0 |
| Danil Gushchin | LW | 0 | 0 | 0 | 0 | 0 | 0 | 0 | 0 | 14:55 | 0:14 | 0 | 0:00 | 0 | 0% |
0 | 0 | 0 |
| Georgii Merkulov | LW | 1 | 0 | 1 | 0 | 0 | 1 | 1 | 0 | 21:08 | 0:59 | 0 | 0:00 | 0 | 0% |
0 | 0 | 0 |
| Jacob Peterson | C/LW | 0 | 2 | 2 | 1 | 0 | 1 | 2 | 0 | 22:31 | 1:01 | 0 | 0:02 | 0 | 44% |
16 | 0 | 0 |
| Jan Jenik | C | 0 | 0 | 0 | 0 | 0 | 0 | 0 | 0 | 19:39 | 0:12 | 0 | 0:00 | 0 | 100% |
2 | 0 | 0 |
| Kevin Korchinski | D | 0 | 0 | 0 | 1 | 0 | 1 | 2 | 0 | 22:43 | 0:55 | 0 | 0:00 | 0 | 0% |
0 | 0 | 0 |
| Louie Belpedio | D | 0 | 0 | 0 | 0 | 0 | 0 | 0 | 0 | 13:14 | 0:00 | 0 | 0:00 | 0 | 0% |
0 | 0 | 0 |
| Lukas Rousek | RW | 0 | 0 | 0 | 0 | 0 | 0 | 0 | 0 | 18:13 | 0:52 | 0 | 0:00 | 0 | 0% |
0 | 0 | 0 |
| Nick Cicek | D | 0 | 0 | 0 | 0 | 0 | 0 | 0 | 0 | 7:00 | 0:00 | 0 | 0:00 | 0 | 0% |
0 | 0 | 0 |
| Nick DeSimone | D | 1 | 1 | 2 | 1 | 0 | 0 | 1 | 0 | 24:56 | 1:04 | 0 | 0:02 | 0 | 0% |
0 | 0 | 0 |
| Nikolas Matinpalo | D | 0 | 0 | 0 | 0 | 2 | 1 | 1 | 0 | 15:52 | 0:00 | 0 | 0:00 | 0 | 50% |
2 | 0 | 0 |
| Oliver Kylington | D | 0 | 0 | 0 | 0 | 0 | 0 | 0 | 1 | 25:52 | 1:04 | 0 | 0:02 | 0 | 0% |
0 | 1 | 1 |
| Pavol Regenda | LW/RW | 0 | 0 | 0 | 0 | 0 | 1 | 0 | 0 | 12:34 | 0:12 | 0 | 0:00 | 0 | 0% |
0 | 0 | 0 |
| Shakir Mukhamadullin | D | 0 | 0 | 0 | 0 | 0 | 0 | 0 | 0 | 0:08 | 0:00 | 0 | 0:00 | 0 | 0% |
0 | 0 | 0 |
| Vinnie Hinostroza | LW/RW | 0 | 0 | 0 | 1 | 0 | 3 | 3 | 0 | 24:07 | 0:55 | 1 | 0:02 | 0 | 43% |
7 | 0 | 0 |
Phantoms
| Player Name |
POS |
G |
A |
P |
+/- |
PIM |
HIT |
SHT |
SB |
MP |
PP MP |
PP SHT |
PK MP |
PK SHT |
FO% |
FOT |
GA |
TA |
| Alex Chiasson | RW | 0 | 0 | 0 | 0 | 0 | 1 | 0 | 0 | 18:54 | 0:00 | 0 | 0:00 | 0 | 0% |
1 | 0 | 0 |
| Andreas Johnsson | LW/RW | 2 | 0 | 2 | 0 | 0 | 3 | 4 | 0 | 23:56 | 0:02 | 1 | 0:56 | 0 | 100% |
1 | 1 | 0 |
| Chase Wouters | C | 0 | 0 | 0 | 0 | 0 | 0 | 0 | 0 | 2:20 | 0:00 | 0 | 0:00 | 0 | 50% |
2 | 0 | 0 |
| Cole Koepke | LW/RW | 0 | 0 | 0 | 0 | 0 | 2 | 0 | 0 | 18:07 | 0:00 | 0 | 0:00 | 0 | 0% |
0 | 0 | 0 |
| Cole Reinhardt | LW | 0 | 0 | 0 | 0 | 0 | 0 | 2 | 0 | 6:58 | 0:00 | 0 | 0:13 | 0 | 0% |
0 | 0 | 0 |
| Curtis Douglas | C | 0 | 0 | 0 | -1 | 0 | 2 | 1 | 0 | 14:54 | 0:00 | 0 | 0:19 | 0 | 50% |
4 | 0 | 0 |
| Danick Martel | LW | 0 | 0 | 0 | 0 | 0 | 0 | 0 | 0 | 0:27 | 0:00 | 0 | 0:00 | 0 | 0% |
0 | 0 | 0 |
| Dean Stewart | D | 0 | 0 | 0 | 0 | 0 | 3 | 0 | 0 | 19:42 | 0:00 | 0 | 0:00 | 0 | 50% |
2 | 0 | 0 |
| Eric Williams | D | 0 | 0 | 0 | 0 | 0 | 1 | 0 | 0 | 19:45 | 0:00 | 0 | 0:48 | 0 | 0% |
0 | 0 | 0 |
| Frank Hora | D | 0 | 0 | 0 | 0 | 0 | 0 | 0 | 0 | 21:41 | 0:00 | 0 | 0:38 | 0 | 0% |
0 | 0 | 0 |
| Layton Ahac | D | 0 | 0 | 0 | 0 | 0 | 1 | 1 | 1 | 17:04 | 0:00 | 0 | 1:11 | 0 | 0% |
0 | 0 | 1 |
| Peter Abbandonato | C | 0 | 0 | 0 | 0 | 0 | 0 | 1 | 1 | 21:46 | 0:00 | 0 | 0:59 | 0 | 63% |
8 | 0 | 0 |
| Phil Di Giuseppe | LW | 0 | 1 | 1 | -1 | 0 | 1 | 0 | 0 | 22:10 | 0:02 | 0 | 0:41 | 0 | 38% |
8 | 0 | 0 |
| Riley Barber | RW | 0 | 1 | 1 | 0 | 0 | 0 | 1 | 0 | 20:33 | 0:02 | 0 | 0:00 | 0 | 63% |
8 | 0 | 0 |
| Stefan Matteau | LW | 0 | 0 | 0 | 0 | 0 | 1 | 1 | 1 | 17:21 | 0:00 | 0 | 0:50 | 0 | 100% |
1 | 0 | 0 |
| Steven Santini | D | 0 | 0 | 0 | -1 | 0 | 2 | 1 | 0 | 23:56 | 0:02 | 0 | 1:21 | 0 | 0% |
0 | 0 | 0 |
| Tuukka Tieksola | RW | 0 | 0 | 0 | -1 | 0 | 1 | 0 | 0 | 16:47 | 0:00 | 0 | 0:00 | 0 | 0% |
1 | 0 | 0 |
| Wyatte Wylie | D | 0 | 0 | 0 | -1 | 2 | 1 | 0 | 0 | 26:39 | 0:02 | 0 | 0:00 | 0 | 0% |
0 | 0 | 0 |
Reign
| 5 vs 5 Forward |
|---|
| Line # | Left Wing | Center | Right Wing | PHY | DF | OF | Wanted % | Time % | Time Play |
| 1 | Georgii Merkulov | Jacob Peterson | Vinnie Hinostroza | 1 | 0 | 4 | 44 | 35% | 20:09
|
| 2 | Georgii Merkulov | Vinnie Hinostroza | Alex Turcotte | 4 | 0 | 1 | 32 | 35% | 20:07
|
| 3 | Vinnie Hinostroza | Jacob Peterson | Lukas Rousek | 2 | 3 | 0 | 16 | 19% | 10:50
|
| 4 | Vinnie Hinostroza | Jacob Peterson | Jan Jenik | 2 | 1 | 2 | 8 | 11% | 6:18
|
| 5 vs 5 Defense |
|---|
| Line # | Defense | Defense | | PHY | DF | OF | Wanted % | Time % | Time Play |
| 1 | Oliver Kylington | Nick DeSimone | | 2 | 2 | 1 | 45 | 41% | 23:42
|
| 2 | Oliver Kylington | Cal Foote | | 2 | 0 | 3 | 30 | 31% | 17:48
|
| 3 | Oliver Kylington | Nick DeSimone | | 1 | 4 | 0 | 20 | 16% | 9:23
|
| 4 | Kevin Korchinski | Oliver Kylington | | 1 | 2 | 2 | 5 | 11% | 6:31
|
| Power Play Forward |
|---|
| Line # | Left Wing | Center | Right Wing | PHY | DF | OF | Wanted % | Time % | Time Play |
| 1 | Georgii Merkulov | Jacob Peterson | Vinnie Hinostroza | 1 | 1 | 3 | 70 | 100% | 1:59
|
| 2 | Vinnie Hinostroza | Jacob Peterson | Georgii Merkulov | 1 | 0 | 4 | 30 | 0% | 0:00
|
| Power Play Defense |
|---|
| Line # | Defense | Defense | | PHY | DF | OF | Wanted % | Time % | Time Play |
| 1 | Oliver Kylington | Nick DeSimone | | 0 | 2 | 3 | 63 | 100% | 1:59
|
| 2 | Oliver Kylington | Nick DeSimone | | 1 | 2 | 2 | 37 | 0% | 0:00
|
| Penalty Kill 4 Players Forward |
|---|
| Line # | Center | Wing | PHY | DF | OF | Wanted % | Time % | Time Play |
| 1 | Jacob Peterson | Vinnie Hinostroza | 1 | 3 | 1 | 60 | 100% | 0:02
|
| 2 | Jacob Peterson | Vinnie Hinostroza | 1 | 4 | 0 | 40 | 0% | 0:00
|
| Penalty Kill 4 Players Defense |
|---|
| Line # | Defense | Defense | PHY | DF | OF | Wanted % | Time % | Time Play |
| 1 | Oliver Kylington | Nick DeSimone | 1 | 2 | 2 | 60 | 100% | 0:02
|
| 2 | Oliver Kylington | Nick DeSimone | 1 | 2 | 2 | 40 | 0% | 0:00
|
| Penalty Kill 3 Players |
|---|
| Line # | Wing | PHY | DF | OF | Wanted % | Time % | Time Play | Defense | Defense | PHY | DF | OF | Wanted % | Time % | Time Play |
| 1 | Jacob Peterson | 1 | 4 | 0 | 51 | 0% | 0:00
| Oliver Kylington | Nick DeSimone | 1 | 2 | 2 | 60 | 0% | 0:00
|
| 2 | Jacob Peterson | 0 | 4 | 1 | 49 | 0% | 0:00
| Oliver Kylington | Nick DeSimone | 1 | 2 | 2 | 40 | 0% | 0:00
|
| 4 vs 4 Forward |
|---|
| Line # | Center | Wing | PHY | DF | OF | Wanted % | Time % | Time Play |
| 1 | Jacob Peterson | Vinnie Hinostroza | 2 | 1 | 2 | 60 | 0% | 0:00
|
| 2 | Jacob Peterson | Vinnie Hinostroza | 1 | 1 | 3 | 40 | 0% | 0:00
|
| 4 vs 4 Defense |
|---|
| Line # | Defense | | PHY | DF | OF | Wanted % | Time % | Time Play |
| 1 | Oliver Kylington | Nick DeSimone | 1 | 3 | 1 | 60 | 0% | 0:00
|
| 2 | Nick DeSimone | Oliver Kylington | 1 | 3 | 1 | 40 | 0% | 0:00
|
| Last Minutes Offensive |
|---|
| Left Wing | Center | Right Wing | Defense | Defense |
| Georgii Merkulov | Jacob Peterson | Vinnie Hinostroza | Oliver Kylington | Nick DeSimone |
| Last Minutes Defensive |
|---|
| Left Wing | Center | Right Wing | Defense | Defense |
| Georgii Merkulov | Jacob Peterson | Vinnie Hinostroza | Oliver Kylington | Nick DeSimone |
| Time |
|---|
| Total Forward | Total Defense | Last Minutes Offensive | Last Minutes Defensive |
| 60:00 |
60:00 |
0:35 | 0:00 |
| Extra Forwards |
|---|
| Normal | PowerPlay | Penalty Kill |
|
Jacob Peterson, Georgii Merkulov, Vinnie Hinostroza | Jacob Peterson, Vinnie Hinostroza | Jacob Peterson |
| Extra Defensemen |
|---|
| Normal | PowerPlay | Penalty Kill |
|
Oliver Kylington, Nick DeSimone, Cal Foote | Oliver Kylington, Oliver Kylington | Nick DeSimone |
| Penalty Shots |
|---|
|
Georgii Merkulov, Jacob Peterson, Alex Turcotte, Vinnie Hinostroza, Jan Jenik |
| Goalie |
|---|
| Jet Greaves, Vadim Zherenko |
| Scratches |
|---|
|
Dylan Wendt (Healthy), Ethan Samson (Healthy), Gannon Laroque (Healthy), Hardy Haman Aktell (Healthy), James Malatesta (Healthy)
Jared Davidson (Healthy), Ryan Tverberg (Healthy), Sam Morton (Healthy), Viktor Neuchev (Healthy), Nolan Stevens (Healthy)
Michal Teply (Healthy), Ryan Jones (Healthy), Colin Theisen (Healthy), Nathan Smith (Healthy), Samuel Laberge (Healthy)
Parker Ford (Healthy), Drew Commesso (Healthy), Georgi Romanov (Healthy), Nikita Tolopilo (Healthy), Calle Clang (Healthy) |
Phantoms
| 5 vs 5 Forward |
|---|
| Line # | Left Wing | Center | Right Wing | PHY | DF | OF | Wanted % | Time % | Time Play |
| 1 | Phil Di Giuseppe | Riley Barber | Andreas Johnsson | 1 | 2 | 2 | 40 | 29% | 16:48
|
| 2 | Cole Koepke | Peter Abbandonato | Riley Barber | 1 | 2 | 2 | 30 | 34% | 19:43
|
| 3 | Andreas Johnsson | Phil Di Giuseppe | Alex Chiasson | 1 | 2 | 2 | 20 | 19% | 11:07
|
| 4 | Andreas Johnsson | Dean Stewart | Tuukka Tieksola | 1 | 2 | 2 | 10 | 17% | 9:45
|
| 5 vs 5 Defense |
|---|
| Line # | Defense | Defense | | PHY | DF | OF | Wanted % | Time % | Time Play |
| 1 | Wyatte Wylie | Steven Santini | | 1 | 2 | 2 | 40 | 33% | 18:40
|
| 2 | Wyatte Wylie | Frank Hora | | 1 | 2 | 2 | 30 | 27% | 15:27
|
| 3 | Dean Stewart | Eric Williams | | 1 | 2 | 2 | 20 | 29% | 16:34
|
| 4 | Frank Hora | Steven Santini | | 1 | 2 | 2 | 10 | 12% | 6:42
|
| Power Play Forward |
|---|
| Line # | Left Wing | Center | Right Wing | PHY | DF | OF | Wanted % | Time % | Time Play |
| 1 | Phil Di Giuseppe | Riley Barber | Andreas Johnsson | 1 | 2 | 2 | 60 | 100% | 0:02
|
| 2 | Cole Koepke | Peter Abbandonato | Riley Barber | 1 | 2 | 2 | 40 | 0% | 0:00
|
| Power Play Defense |
|---|
| Line # | Defense | Defense | | PHY | DF | OF | Wanted % | Time % | Time Play |
| 1 | Wyatte Wylie | Steven Santini | | 1 | 2 | 2 | 60 | 100% | 0:02
|
| 2 | Wyatte Wylie | Frank Hora | | 1 | 2 | 2 | 40 | 0% | 0:00
|
| Penalty Kill 4 Players Forward |
|---|
| Line # | Center | Wing | PHY | DF | OF | Wanted % | Time % | Time Play |
| 1 | Phil Di Giuseppe | Andreas Johnsson | 1 | 2 | 2 | 60 | 100% | 1:59
|
| 2 | Andreas Johnsson | Riley Barber | 1 | 2 | 2 | 40 | 0% | 0:00
|
| Penalty Kill 4 Players Defense |
|---|
| Line # | Defense | Defense | PHY | DF | OF | Wanted % | Time % | Time Play |
| 1 | Wyatte Wylie | Steven Santini | 1 | 2 | 2 | 60 | 68% | 1:21
|
| 2 | Wyatte Wylie | Frank Hora | 1 | 2 | 2 | 40 | 32% | 0:38
|
| Penalty Kill 3 Players |
|---|
| Line # | Wing | PHY | DF | OF | Wanted % | Time % | Time Play | Defense | Defense | PHY | DF | OF | Wanted % | Time % | Time Play |
| 1 | Phil Di Giuseppe | 1 | 2 | 2 | 60 | 0% | 0:00
| Wyatte Wylie | Steven Santini | 1 | 2 | 2 | 60 | 0% | 0:00
|
| 2 | Phil Di Giuseppe | 1 | 2 | 2 | 40 | 0% | 0:00
| Wyatte Wylie | Frank Hora | 1 | 2 | 2 | 40 | 0% | 0:00
|
| 4 vs 4 Forward |
|---|
| Line # | Center | Wing | PHY | DF | OF | Wanted % | Time % | Time Play |
| 1 | Phil Di Giuseppe | Andreas Johnsson | 1 | 2 | 2 | 60 | 0% | 0:00
|
| 2 | Andreas Johnsson | Riley Barber | 1 | 2 | 2 | 40 | 0% | 0:00
|
| 4 vs 4 Defense |
|---|
| Line # | Defense | | PHY | DF | OF | Wanted % | Time % | Time Play |
| 1 | Wyatte Wylie | Steven Santini | 1 | 2 | 2 | 60 | 0% | 0:00
|
| 2 | Wyatte Wylie | Frank Hora | 1 | 2 | 2 | 40 | 0% | 0:00
|
| Last Minutes Offensive |
|---|
| Left Wing | Center | Right Wing | Defense | Defense |
| Phil Di Giuseppe | Riley Barber | Andreas Johnsson | Wyatte Wylie | Steven Santini |
| Last Minutes Defensive |
|---|
| Left Wing | Center | Right Wing | Defense | Defense |
| Phil Di Giuseppe | Riley Barber | Andreas Johnsson | Wyatte Wylie | Steven Santini |
| Time |
|---|
| Total Forward | Total Defense | Last Minutes Offensive | Last Minutes Defensive |
| 60:00 |
60:00 |
0:00 | 0:36 |
| Extra Forwards |
|---|
| Normal | PowerPlay | Penalty Kill |
|
Alex Chiasson, Andreas Johnsson, Phil Di Giuseppe | Alex Chiasson, Phil Di Giuseppe | Phil Di Giuseppe |
| Extra Defensemen |
|---|
| Normal | PowerPlay | Penalty Kill |
|
Dean Stewart, Eric Williams, Wyatte Wylie | Dean Stewart, Eric Williams | Wyatte Wylie |
| Penalty Shots |
|---|
|
Phil Di Giuseppe, Cole Koepke, Andreas Johnsson, Riley Barber, Alex Chiasson |
| Goalie |
|---|
| Malcolm Subban, Daniel Mannella |
| Scratches |
|---|
|
Colt Conrad (Healthy), David Cotton (Healthy), Erik Brown (Healthy), Austin Osmanski (Healthy), Ben Finkelstein (Healthy)
Liam Kirk (Healthy) |
Play-by-Play
1st period
0:01 of 1st period - Riley Barber wins face-off versus Jacob Peterson in neutral zone.
0:04 of 1st period - Wrist shot by Andreas Johnsson.
0:04 of 1st period - Shot Blocked by Oliver Kylington.
0:06 of 1st period - Slapshot by Phil Di Giuseppe.
0:06 of 1st period - Shot Misses the Net.
0:08 of 1st period - Wrist shot by Steven Santini.
0:08 of 1st period - Shot Misses the Net.
0:26 of 1st period - Nick DeSimone is hit by Cole Koepke and loses puck.
0:44 of 1st period - Off-side.
0:45 of 1st period - Jacob Peterson wins face-off versus Phil Di Giuseppe in neutral zone.
0:47 of 1st period - Off-side.
0:48 of 1st period - Jacob Peterson wins face-off versus Phil Di Giuseppe in neutral zone.
0:57 of 1st period - Wrist shot by Jacob Peterson.
0:57 of 1st period - Stopped by Malcolm Subban with a rebound.
2:07 of 1st period - Vinnie Hinostroza is hit by Andreas Johnsson and loses puck.
2:50 of 1st period - Nick DeSimone is hit by Tuukka Tieksola and loses puck.
4:17 of 1st period - Nikolas Matinpalo is hit by Phil Di Giuseppe and loses puck.
5:43 of 1st period - Icing by Andreas Johnsson.
5:44 of 1st period - Jan Jenik wins face-off versus Dean Stewart in Phantoms zone.
6:57 of 1st period - Eric Williams is hit by Cal Foote.
7:35 of 1st period - Lukas Rousek is hit by Steven Santini.
10:42 of 1st period - Icing by Kevin Korchinski.
10:43 of 1st period - Chase Wouters wins face-off versus Jacob Peterson in Reign zone.
10:54 of 1st period - Tuukka Tieksola is hit by Jacob Peterson.
11:06 of 1st period - Nick DeSimone is hit by Andreas Johnsson and loses puck.
15:13 of 1st period - Layton Ahac is hit by Carter Mazur and loses puck.
Goals for this period are 0 for Reign vs 0 for Phantoms.
Shots for this period are 1 for Reign vs 0 for Phantoms.
2nd period
0:01 of 2nd period - Riley Barber wins face-off versus Vinnie Hinostroza in neutral zone.
0:14 of 2nd period - Wrist shot by Phil Di Giuseppe.
0:14 of 2nd period - Shot Misses the Net.
0:16 of 2nd period - Wrist shot by Phil Di Giuseppe.
0:16 of 2nd period - Deflect By Andreas Johnsson.
0:16 of 2nd period - Goal by Andreas Johnsson - Reign : 0 - Phantoms : 1.
0:17 of 2nd period - Jacob Peterson wins face-off versus Riley Barber in neutral zone.
0:24 of 2nd period - Slapshot by Nick DeSimone.
0:24 of 2nd period - Deflect By Georgii Merkulov.
0:24 of 2nd period - Goal by Georgii Merkulov - Reign : 1 - Phantoms : 1.
0:25 of 2nd period - Riley Barber wins face-off versus Jacob Peterson in neutral zone.
0:38 of 2nd period - Wrist shot by Andreas Johnsson.
0:38 of 2nd period - Shot Misses the Net.
0:40 of 2nd period - Wrist shot by Phil Di Giuseppe.
0:40 of 2nd period - Shot Misses the Net.
3:47 of 2nd period - Carter Mazur is hit by Dean Stewart.
6:47 of 2nd period - Icing by Curtis Douglas.
6:48 of 2nd period - Nikolas Matinpalo wins face-off versus Riley Barber in Phantoms zone.
7:11 of 2nd period - Riley Barber is hit by Georgii Merkulov and loses puck.
7:47 of 2nd period - Wyatte Wylie is hit by Nikolas Matinpalo and loses puck.
7:50 of 2nd period - Slapshot by Eric Williams.
7:50 of 2nd period - Deflect By Phil Di Giuseppe.
7:50 of 2nd period - Shot Blocked by Cal Foote.
7:50 of 2nd period - Puck is out of play.
7:51 of 2nd period - Stefan Matteau wins face-off versus Nikolas Matinpalo in Reign zone.
8:20 of 2nd period - Lukas Rousek is hit by Steven Santini and loses puck.
8:29 of 2nd period - Minor Penalty to Wyatte Wylie for High sticking.
8:30 of 2nd period - Jacob Peterson wins face-off versus Phil Di Giuseppe in Phantoms zone.
8:31 of 2nd period - Snap shot by Vinnie Hinostroza.
8:31 of 2nd period - Stopped by Malcolm Subban with a rebound.
9:19 of 2nd period - Layton Ahac is hit by Alex Turcotte.
10:07 of 2nd period - Layton Ahac is hit by Cal Foote and loses puck.
10:29 of 2nd period - Penalty to Wyatte Wylie is over, Wyatte Wylie is back on ice.
10:32 of 2nd period - Snap shot by Danil Gushchin.
10:32 of 2nd period - Shot Blocked by Layton Ahac.
10:34 of 2nd period - Slapshot by Louie Belpedio.
10:34 of 2nd period - Shot Blocked by Peter Abbandonato.
10:36 of 2nd period - Slapshot by Nikolas Matinpalo.
10:36 of 2nd period - Stopped by Malcolm Subban with a rebound.
11:31 of 2nd period - Icing by Wyatte Wylie.
11:32 of 2nd period - Carter Mazur wins face-off versus Alex Chiasson in Phantoms zone.
12:34 of 2nd period - Icing by Jan Jenik.
12:35 of 2nd period - Phil Di Giuseppe wins face-off versus Jacob Peterson in Reign zone.
12:36 of 2nd period - Wrist shot by Andreas Johnsson.
12:36 of 2nd period - Shot Misses the Net.
12:53 of 2nd period - Wrist shot by Andreas Johnsson.
12:53 of 2nd period - Stopped by Jet Greaves with a rebound.
12:55 of 2nd period - Snap shot by Andreas Johnsson.
12:55 of 2nd period - Stopped by Jet Greaves with a rebound.
15:29 of 2nd period - Louie Belpedio is hit by Curtis Douglas and loses puck.
18:03 of 2nd period - Icing by Alex Chiasson.
18:04 of 2nd period - Dean Stewart wins face-off versus Vinnie Hinostroza in Phantoms zone.
18:43 of 2nd period - Jan Jenik is hit by Andreas Johnsson and loses puck.
19:17 of 2nd period - Minor Penalty to Nikolas Matinpalo for Hooking.
19:18 of 2nd period - Riley Barber wins face-off versus Jacob Peterson in Reign zone.
19:19 of 2nd period - Snap shot by Andreas Johnsson.
19:19 of 2nd period - Goal by Andreas Johnsson - Reign : 1 - Phantoms : 2.
19:20 of 2nd period - Andreas Johnsson wins face-off versus Jacob Peterson in neutral zone.
19:52 of 2nd period - Icing by Wyatte Wylie.
19:53 of 2nd period - Peter Abbandonato wins face-off versus Vinnie Hinostroza in Phantoms zone.
19:58 of 2nd period - Snap shot by Riley Barber.
19:58 of 2nd period - Stopped by Jet Greaves with a rebound.
Goals for this period are 1 for Reign vs 2 for Phantoms.
Shots for this period are 3 for Reign vs 5 for Phantoms.
3rd period
0:01 of 3rd period - Riley Barber wins face-off versus Jacob Peterson in neutral zone.
0:25 of 3rd period - Phil Di Giuseppe is hit by Vinnie Hinostroza and loses puck.
0:34 of 3rd period - Snap shot by Steven Santini.
0:34 of 3rd period - Stopped by Jet Greaves without a rebound.
0:35 of 3rd period - Alex Turcotte wins face-off versus Peter Abbandonato in Reign zone.
0:35 of 3rd period - Alex Turcotte is hit by Cole Koepke.
1:26 of 3rd period - Icing by Wyatte Wylie.
1:27 of 3rd period - Jacob Peterson wins face-off versus Phil Di Giuseppe in Phantoms zone.
1:30 of 3rd period - Slapshot by Jacob Peterson.
1:30 of 3rd period - Stopped by Malcolm Subban without a rebound.
1:31 of 3rd period - Phil Di Giuseppe wins face-off versus Carter Mazur in Phantoms zone.
1:44 of 3rd period - Slapshot by Jacob Peterson.
1:44 of 3rd period - Shot Misses the Net.
1:54 of 3rd period - Georgii Merkulov is hit by Wyatte Wylie and loses puck.
2:03 of 3rd period - Wrist shot by Peter Abbandonato.
2:03 of 3rd period - Stopped by Jet Greaves with a rebound.
2:25 of 3rd period - Vinnie Hinostroza is hit by Dean Stewart and loses puck.
3:10 of 3rd period - Georgii Merkulov is hit by Dean Stewart and loses puck.
4:45 of 3rd period - Louie Belpedio is hit by Curtis Douglas and loses puck.
7:07 of 3rd period - Icing by Steven Santini.
7:08 of 3rd period - Jan Jenik wins face-off versus Riley Barber in Phantoms zone.
12:58 of 3rd period - Curtis Douglas is hit by Pavol Regenda and loses puck.
14:21 of 3rd period - Icing by Wyatte Wylie.
14:22 of 3rd period - Curtis Douglas wins face-off versus Jacob Peterson in Phantoms zone.
15:35 of 3rd period - Lukas Rousek is hit by Stefan Matteau and loses puck.
15:50 of 3rd period - Vinnie Hinostroza is hit by Eric Williams and loses puck.
16:21 of 3rd period - Nick DeSimone is hit by Alex Chiasson and loses puck.
17:02 of 3rd period - Icing by Nikolas Matinpalo.
17:03 of 3rd period - Vinnie Hinostroza wins face-off versus Tuukka Tieksola in Reign zone.
17:24 of 3rd period - Wyatte Wylie is hit by Carter Mazur and loses puck.
18:57 of 3rd period - Steven Santini is hit by Kevin Korchinski and loses puck.
19:00 of 3rd period - Reign, Jet Greaves is pulled from the net.
19:04 of 3rd period - Snap shot by Vinnie Hinostroza.
19:04 of 3rd period - Shot Misses the Net.
19:06 of 3rd period - Slapshot by Kevin Korchinski.
19:06 of 3rd period - Stopped by Malcolm Subban with a rebound.
19:08 of 3rd period - Snap shot by Vinnie Hinostroza.
19:08 of 3rd period - Stopped by Malcolm Subban without a rebound.
19:09 of 3rd period - Mike Yeo call a timeout for Reign.
19:09 of 3rd period - Curtis Douglas wins face-off versus Jacob Peterson in Phantoms zone.
19:22 of 3rd period - Wrist shot by Vinnie Hinostroza.
19:22 of 3rd period - Stopped by Malcolm Subban without a rebound.
19:23 of 3rd period - Jacob Peterson wins face-off versus Curtis Douglas in Phantoms zone.
19:24 of 3rd period - Slapshot by Carter Mazur.
19:24 of 3rd period - Stopped by Malcolm Subban with a rebound.
19:26 of 3rd period - Snap shot by Nick DeSimone.
19:26 of 3rd period - Goal by Nick DeSimone - Reign : 2 - Phantoms : 2.
19:26 of 3rd period - Jet Greaves from Reign was sent back in the game.
19:27 of 3rd period - Vinnie Hinostroza wins face-off versus Phil Di Giuseppe in neutral zone.
19:30 of 3rd period - Backhand shot by Nick DeSimone.
19:30 of 3rd period - Deflect By Alex Turcotte.
19:30 of 3rd period - Stopped by Malcolm Subban without a rebound.
19:31 of 3rd period - Phil Di Giuseppe wins face-off versus Vinnie Hinostroza in Phantoms zone.
19:31 of 3rd period - Phil Di Giuseppe is hit by Alex Turcotte.
Goals for this period are 1 for Reign vs 0 for Phantoms.
Shots for this period are 7 for Reign vs 2 for Phantoms.
Overtime #1
0:01 of 1st overtime period - Peter Abbandonato wins face-off versus Alex Turcotte in neutral zone.
0:06 of 1st overtime period - Slapshot by Layton Ahac.
0:06 of 1st overtime period - Shot Misses the Net.
0:08 of 1st overtime period - Slapshot by Layton Ahac.
0:08 of 1st overtime period - Deflect By Alex Turcotte.
0:08 of 1st overtime period - Stopped by Jet Greaves without a rebound.
0:09 of 1st overtime period - Peter Abbandonato wins face-off versus Alex Turcotte in Reign zone.
0:10 of 1st overtime period - Slapshot by Stefan Matteau.
0:10 of 1st overtime period - Shot Misses the Net.
0:22 of 1st overtime period - Wrist shot by Carter Mazur.
0:22 of 1st overtime period - Shot Blocked by Stefan Matteau.
0:24 of 1st overtime period - Wrist shot by Carter Mazur.
0:24 of 1st overtime period - Shot Misses the Net.
0:37 of 1st overtime period - Off-side.
0:38 of 1st overtime period - Peter Abbandonato wins face-off versus Alex Turcotte in neutral zone.
1:22 of 1st overtime period - Slapshot by Wyatte Wylie.
1:22 of 1st overtime period - Shot Misses the Net.
2:28 of 1st overtime period - Slapshot by Kevin Korchinski.
2:28 of 1st overtime period - Stopped by Malcolm Subban without a rebound.
2:29 of 1st overtime period - Jacob Peterson wins face-off versus Chase Wouters in Phantoms zone.
2:32 of 1st overtime period - Slapshot by Jacob Peterson.
2:32 of 1st overtime period - Shot Misses the Net.
2:56 of 1st overtime period - Wrist shot by Cole Reinhardt.
2:56 of 1st overtime period - Shot Misses the Net.
2:58 of 1st overtime period - Slapshot by Cole Reinhardt.
2:58 of 1st overtime period - Stopped by Jet Greaves with a rebound.
3:00 of 1st overtime period - Snap shot by Chase Wouters.
3:00 of 1st overtime period - Shot Hit the Post.
3:02 of 1st overtime period - Snap shot by Cole Reinhardt.
3:02 of 1st overtime period - Stopped by Jet Greaves without a rebound.
3:03 of 1st overtime period - Alex Turcotte wins face-off versus Peter Abbandonato in Reign zone.
3:13 of 1st overtime period - Carter Mazur is hit by Layton Ahac and loses puck.
3:42 of 1st overtime period - Wrist shot by Curtis Douglas.
3:42 of 1st overtime period - Stopped by Jet Greaves without a rebound.
3:43 of 1st overtime period - Vinnie Hinostroza wins face-off versus Curtis Douglas in Reign zone.
3:50 of 1st overtime period - Curtis Douglas is hit by Vinnie Hinostroza.
3:54 of 1st overtime period - Slapshot by Cal Foote.
3:54 of 1st overtime period - Stopped by Malcolm Subban without a rebound.
3:55 of 1st overtime period - Alex Turcotte wins face-off versus Peter Abbandonato in Phantoms zone.
4:11 of 1st overtime period - Layton Ahac is hit by Alex Turcotte and loses puck.
4:38 of 1st overtime period - Curtis Douglas is hit by Vinnie Hinostroza and loses puck.
4:45 of 1st overtime period - Snap shot by Stefan Matteau.
4:45 of 1st overtime period - Stopped by Jet Greaves without a rebound.
4:46 of 1st overtime period - Peter Abbandonato wins face-off versus Alex Turcotte in Reign zone.
Goals for this period are 0 for Reign vs 0 for Phantoms.
Shots for this period are 2 for Reign vs 5 for Phantoms.
ShootOut
5:00 of 1st overtime period - Round #1.
5:00 of 1st overtime period - Reign, Georgii Merkulov.
5:00 of 1st overtime period - Deke by Georgii Merkulov.
5:00 of 1st overtime period - Shot Misses the Net.
5:00 of 1st overtime period - Phantoms, Phil Di Giuseppe.
5:00 of 1st overtime period - Snap shot by Phil Di Giuseppe.
5:00 of 1st overtime period - Stopped by Jet Greaves.
5:00 of 1st overtime period - Round #2.
5:00 of 1st overtime period - Reign, Jacob Peterson.
5:00 of 1st overtime period - Deke by Jacob Peterson.
5:00 of 1st overtime period - Shot Misses the Net.
5:00 of 1st overtime period - Phantoms, Cole Koepke.
5:00 of 1st overtime period - Deke by Cole Koepke.
5:00 of 1st overtime period - Stopped by Jet Greaves.
5:00 of 1st overtime period - Round #3.
5:00 of 1st overtime period - Reign, Alex Turcotte.
5:00 of 1st overtime period - Backhand shot by Alex Turcotte.
5:00 of 1st overtime period - Stopped by Malcolm Subban.
5:00 of 1st overtime period - Phantoms, Andreas Johnsson.
5:00 of 1st overtime period - Snap shot by Andreas Johnsson.
5:00 of 1st overtime period - Stopped by Jet Greaves.
5:00 of 1st overtime period - Round #4.
5:00 of 1st overtime period - Reign, Vinnie Hinostroza.
5:00 of 1st overtime period - Backhand shot by Vinnie Hinostroza.
5:00 of 1st overtime period - Goal by Vinnie Hinostroza.
5:00 of 1st overtime period - Phantoms, Riley Barber.
5:00 of 1st overtime period - Deke by Riley Barber.
5:00 of 1st overtime period - Goal by Riley Barber.
5:00 of 1st overtime period - Round #5.
5:00 of 1st overtime period - Reign, Jan Jenik.
5:00 of 1st overtime period - Backhand shot by Jan Jenik.
5:00 of 1st overtime period - Goal by Jan Jenik.
5:00 of 1st overtime period - Phantoms, Alex Chiasson.
5:00 of 1st overtime period - Wrist shot by Alex Chiasson.
5:00 of 1st overtime period - Goal by Alex Chiasson.
5:00 of 1st overtime period - Round #6.
5:00 of 1st overtime period - Reign, Oliver Kylington.
5:00 of 1st overtime period - Snap shot by Oliver Kylington.
5:00 of 1st overtime period - Goal by Oliver Kylington.
5:00 of 1st overtime period - Phantoms, Tuukka Tieksola.
5:00 of 1st overtime period - Backhand shot by Tuukka Tieksola.
5:00 of 1st overtime period - Goal by Tuukka Tieksola.
5:00 of 1st overtime period - Round #7.
5:00 of 1st overtime period - Reign, Kevin Korchinski.
5:00 of 1st overtime period - Snap shot by Kevin Korchinski.
5:00 of 1st overtime period - Goal by Kevin Korchinski.
5:00 of 1st overtime period - Phantoms, Danick Martel.
5:00 of 1st overtime period - Snap shot by Danick Martel.
5:00 of 1st overtime period - Goal by Danick Martel.
5:00 of 1st overtime period - Round #8.
5:00 of 1st overtime period - Reign, Cal Foote.
5:00 of 1st overtime period - Wrist shot by Cal Foote.
5:00 of 1st overtime period - Shot Misses the Net.
5:00 of 1st overtime period - Phantoms, Steven Santini.
5:00 of 1st overtime period - Snap shot by Steven Santini.
5:00 of 1st overtime period - Stopped by Jet Greaves.
5:00 of 1st overtime period - Round #9.
5:00 of 1st overtime period - Reign, Nick DeSimone.
5:00 of 1st overtime period - Wrist shot by Nick DeSimone.
5:00 of 1st overtime period - Goal by Nick DeSimone.
5:00 of 1st overtime period - Phantoms, Peter Abbandonato.
5:00 of 1st overtime period - Wrist shot by Peter Abbandonato.
5:00 of 1st overtime period - Shot Misses the Net.